 Dungeon Crawl Stone Soup version 0.29-a0-551-gffc1d7fb78 (webtiles) character file.

Game seed: 13615038118472692629

42 spiderkeys the Ducker (level 3, 0/33 HPs)
             Began as a Deep Elf Abyssal Knight on June 5, 2022.
             Was a Priest of Lugonu.
             Slain by an endoplasm (2 damage)
             ... on level 1 of the Dungeon.
             The game lasted 00:02:10 (1591 turns).

spiderkeys the Ducker (Deep Elf Abyssal Knight)     Turns: 1591, Time: 00:02:10

Health: 0/33       AC: 21    Str: 10    XL:     3   Next: 35%
Magic:  5/6        EV:  2    Int: 16    God:    Lugonu [***...]
Gold:   42         SH:  0    Dex: 15    Spells: 2/2 levels left

rFire   . . .      SeeInvis .   a - +1 falchion
rCold   . . .      Faith    .   g - orb {*Rage}
rNeg    . . .      Spirit   .   (body armour currently unavailable)
rPois   +          Reflect  .   (helmet currently unavailable)
rElec   .          Harm     .   (cloak currently unavailable)
rCorr   .          Rampage  .   (gloves currently unavailable)
Will    .....      Rage     20% (boots currently unavailable)
Stlth   +......... NoTele   +   (no amulet)
HPRegen 0.11/turn               (no ring)
MPRegen 0.10/turn               (no ring)

@: tree-form, on berserk cooldown, slowed, very slow
A: stationary, stasis, torment immunity, boosted hp
a: Renounce Religion, Depart the Abyss, Bend Space, Banish


You were on level 1 of the Dungeon.
You worshipped Lugonu.
Lugonu was most pleased with you.
You were a tree.
You visited 1 branch of the dungeon, and saw 1 of its levels.
You visited the Abyss 1 time.

You collected 42 gold pieces.


   Skills:
 + Level 2.7 Fighting
 + Level 1.3(1.9) Short Blades
 - Level 1.7(2.0) Long Blades
 - Level 1.0 Armour
 + Level 3.0 Dodging
 + Level 2.6 Invocations


You had 2 spell levels left.
You didn't know any spells.
Your spell library was empty.

Inventory:

Hand Weapons
 a - a +1 falchion (weapon)
Missiles
 c - 39 stones
 e - a poisoned dart
Armour
 b - a +0 leather armour (melded)
 f - a scarf of repulsion (melded)
   (You found it on level 1 of the Dungeon)
 g - an orb of wrath (worn)
   (You found it on level 1 of the Dungeon)
Potions
 d - a potion of lignification {!q}

Dungeon Overview and Level Annotations

Branches:
Dungeon (1/15)

Altars:

.#.#.....#..##...#........###...#
.##..##.##......................#
#.#..#......#..##....########...#
#..#.#.#..##...#....## o...#...#
.#.#..#...#..#.....#####.o..#...#
##.##......##......8.#.#o...#....
.##.#..##............))'....#...#
##.#...#..##.##.KK.o)).'....#...#
..#..#...#...#..♣oo8.#.#.⌠..#...#
##.##......#...#oJ.#####....#...#
.#...##...##....##..## ....#...#
##.##....#....#...#..########...#
.##...#......#..................#
#################################
## ##############.............
.######...#......#...........###.
............####.................


You could see 4 orcs, an endoplasm and 2 kobolds.


Message History

😮 HP[-10]
You take 10 damage, and now have 17/27 hp.
MASSIVE DAMAGE!! (PAUSE)
You barely miss the orc. The orc hits you with a +0 flail.
* * * LOW HITPOINT WARNING * * *
The orc hits you with a +0 short sword of protection.
* * * LOW HITPOINT WARNING * * *
The orc hits you with a +0 short sword.
* * * LOW HITPOINT WARNING * * *
The orc barely misses you. 😱 HP[-12]
You take 12 damage, and now have 5/27 hp.
MASSIVE DAMAGE!! (PAUSE)
You slash the orc!
You kill the orc!
Lugonu accepts your kill.
You slash the orc!
You kill the orc!
Lugonu accepts your kill. The kobold misses you.
You have reached level 3!
Your experience leads to an increase in your attributes!
Increase (S)trength, (I)ntelligence, or (D)exterity?
You feel clever. x2 😱 HP[+2] MP[+1]
You now have 33 max hp (+6).
You regained 2 hp, and now have 7/33 hp.
Your mp is fully restored (6).
You slash the orc!
You kill the orc!
Lugonu accepts your kill. The kobold closely misses you.
You slash the orc!
You kill the orc!
Lugonu accepts your kill. The kobold hits you but does no damage.
Your Dodging skill increases to level 3!
You slash the kobold!
You kill the kobold!
Lugonu accepts your kill. The goblin barely misses you.
You slash the goblin!
You kill the goblin!
Lugonu accepts your kill.
Okay, then.
You slash the orc!
You kill the orc!
Lugonu accepts your kill.
You slash the orc!
You kill the orc!
Lugonu accepts your kill. The orc barely misses you.
You hit the orc.
You are no longer berserk.
You are exhausted.
You feel yourself slow down. The orc hits you with a +0 short sword.
* * * LOW HITPOINT WARNING * * *
The kobold closely misses you. 😱 HP[-3]
You now have 22 max hp (-11).
Space bends violently around you!
You blink. 😱 HP[-2] MP[-1]
You take 2 damage, and now have 2/22 hp.
You lost 1 mp, and now have 5/6 mp.
Unknown command.
It was a potion of lignification.
You turn into a tree.
Your scarf of repulsion melds into your body.
Your +0 leather armour melds into your body.
The haze of the repulsion field disappears.
Your roots penetrate the ground. 😱 HP[+1]
You now have 33 max hp (+11).
You aren't carrying any scrolls.
Throw: 2 darts (poison)
Press: ? - help, Shift-Dir - straight line, f - kobold
Aim: a kobold, wielding a +0 club (51% to hit)
You throw a poisoned dart. The poisoned dart hits the kobold.
The orc hits you but does no damage. The kobold hits you but does no damage.
You hit the orc.
You kill the orc!
Lugonu accepts your kill.
You can now banish your foes.
The kobold hits you but does no damage.
The endoplasm hits you but does no damage. 😱 HP[+1]
You closely miss the orc. The orc barely misses you. The endoplasm freezes you.
You are frozen.
* * * LOW HITPOINT WARNING * * *
The endoplasm barely misses you.
The kobold hits you but does no damage. x2 😱 HP[-2]
You take 2 damage, and now have 2/33 hp.
You don't have enough health at the moment.
Unknown command.
Unknown command.
You hit the orc. The orc hits you but does no damage. x2
The kobold hits you but does no damage. The endoplasm hits you.
You die...

Skill      XL: |  1  2  3 |
---------------+----------+-----
Armour         | 1 |  1.0
Short Blades   | 1 |  1.3
Dodging        | 3 |  3.0
Fighting       | |  2.7
Long Blades    | |  1.7
Invocations    | |  2.6

Action                   || total
-------------------------++-------
Melee: Falchion          ||    66
       Punch             ||     1
Throw: Dart              ||     1
Invok: Bend Space        ||     1
  Use: Potion            ||     1
Armor: Leather armour    ||    14
       Skin              ||     9
Dodge: Dodged            ||    51

Levels and vault maps discovered:
D:1:      erik_arrival_cave_to_civilisation [erik_arrival_cave_to_temple],
          layout_basic, shapermc_ecumenical_altar_acropolis

Notes
Turn   | Place    | Note
-------+----------+-------------------------------------------
     0 | Abyss:1  | spiderkeys the Deep Elf Abyssal Knight began the quest for
                  | the Orb.
     0 | Abyss:1  | Reached XP level 1. HP: 13/13 MP: 4/4
     0 | Abyss:1  | magus.rc [v1.11.3]
    77 | D:1      | You pass through the gate.
    77 | D:1      | Escaped the Abyss
   136 | D:1      | Found a large runed translucent door.
   136 | D:1      | Found a large runed translucent door.
   289 | D:1      | Reached skill level 1 in Armour
   301 | D:1      | Reached XP level 2. HP: 8/18 MP: 5/5
   477 | D:1      | Found a faded altar of an unknown god.
  1013 | D:1      | Reached skill level 1 in Short Blades
  1575 | D:1      | HP: 6/27 [orc/+0 short sword of protection (5)]
  1579 | D:1      | Reached XP level 3. HP: 7/22 MP: 6/6
  1581 | D:1      | Reached skill level 3 in Dodging
  1585 | D:1      | HP: 4/22 [orc/+0 short sword (1)]
  1589 | D:1      | Reached *** piety under Lugonu
  1590 | D:1      | HP: 2/33 [frozen (2)]
  1591 | D:1      | Slain by an endoplasm

Vanquished Creatures
  A dart slug (D:1)
  8 orcs (D:1)
  2 ball pythons (D:1)
  A giant cockroach (D:1)
  4 goblins (D:1)
  2 hobgoblins (D:1)
  A quokka (D:1)
  4 bats (D:1)
  A frilled lizard (D:1)
  4 kobolds (D:1)
  3 rats (D:1)
31 creatures vanquished.

Table legend:
 A = Non-vault XP
 B = Vault XP
 C = Vault XP percentage of total XP
 D = Non-vault monster count
 E = Vault monster count
 F = Vault count percentage of total count
                 A         B        C        D         E       F
            +---------+---------+-------+---------+---------+-------
      Total |      31 |      30 |  49.2 |      19 |      12 |  38.7
            +---------+---------+-------+---------+---------+-------
        D:1 |      31 |      30 |  49.2 |      19 |      12 |  38.7
            +---------+---------+-------+---------+---------+-------

Illustrated notes

Table legend:
 A = Kills in this place as a percentage of kills in entire the game.
 B = Kills by you in this place as a percentage of kills by you in the entire game.
 C = Kills by friends in this place as a percentage of kills by friends in the entire game.
 D = Other kills in this place as a percentage of other kills in the entire game.
 E = Experience gained in this place as a percentage of experience gained in the entire game.
 F = Experience gained in this place divided by the number of levels of this place that you have seen.
                   A       B       C       D       E      F
               +-------+-------+-------+-------+-------+----------------------
         Total | 100.0 | 100.0 |   N/A |   N/A | 100.0 |  30.5
       Dungeon | 100.0 | 100.0 |   N/A |   N/A | 100.0 |  61.0
               +-------+-------+-------+-------+-------+----------------------

Table legend: (Time is in decaauts)
 A = Elapsed time spent in this place.
 B = Non-inter-level travel time spent in this place.
 C = Inter-level travel time spent in this place.
 D = Time resting spent in this place.
 E = Time spent auto-exploring this place.
 F = Levels seen in this place.
 G = Mean time per level.
                   A        B        C        D        E       F      G
               +--------+--------+--------+--------+--------+-----+--------+
         Total |   1604 |   1537 |     67 |     79 |   1255 |   2 |  802.0 |
       Dungeon |   1526 |   1459 |     67 |     79 |   1184 |   1 | 1526.0 |
         Abyss |     77 |     77 |      0 |      0 |     71 |   1 |   77.0 |
               +--------+--------+--------+--------+--------+-----+--------+

Top non-repeatable levels by time:
     D:1: 1526 daAuts
 Abyss:1: 77 daAuts
